 Dungeon Crawl Stone Soup version 0.31-a0-175-g9f7f995f2b (webtiles) character file.

Game seed: 12868013804319286841

27 qw the Shield-Bearer (level 3, -1/23 HPs)
             Began as a Gargoyle Fighter on June 17, 2023.
             Slain by Jessica
             ... wielding a +6 club
              (5 damage)
             ... on level 2 of the Dungeon.
             The game lasted 00:00:25 (1082 turns).

qw the Shield-Bearer (Gargoyle Fighter)             Turns: 1082, Time: 00:00:25

Health: -1/23      AC: 12    Str: 21    XL:     3   Next: 10%
Magic:  3/3        EV:  9    Int:  8    God:
Gold:   70         SH:  4    Dex:  9    Spells: 2/2 levels left

rFire   . . .        Y - +0 war axe
rCold   . . .        c - +0 buckler
rNeg    + . .        b - +0 scale mail
rPois   inf          (no helmet)
rElec   +            e - +0 cloak
rCorr   .            g - +0 pair of gloves
SInv    .            (no boots)
Will    .....        (no amulet) Stlth
                     (no ring)
HPRegen 0.23/turn    (no ring)
MPRegen 0.08/turn

%: no passive effects
@: no status effects
A: sickness immunity, AC +3, negative energy resistance 1, electricity
resistance, torment resistance 1, petrification resistance
a: no special abilities


You were on level 2 of the Dungeon.
You visited 1 branch of the dungeon, and saw 2 of its levels.

You collected 70 gold pieces.


Innate Abilities, Weirdness & Mutations

You are immune to sickness and miasma.
Your stone body is resilient. (AC +3)
You are immune to poison.
You resist negative energy. (rN+)
You are resistant to electric shocks. (rElec)
You are resistant to unholy torment.
You are immune to petrification.


   Skills:
 - Level 3.2 Fighting
 + Level 3.1 Axes
 - Level 3.2 Armour
 - Level 3.2 Shields


You had 2 spell levels left.
You didn't know any spells.
Your spell library was empty.

Inventory:

Hand Weapons
 f - a +0 club
 Y - a +0 war axe (weapon)
Missiles
 j - 9 boomerangs
 k - a boomerang of dispersal (quivered)
Armour
 b - a +0 scale mail (worn)
 c - a +0 buckler (worn)
 e - a +0 cloak (worn)
 g - a +0 pair of gloves (worn)
Potions
 d - a potion of might
 i - a potion of enlightenment {unknown}
 l - a potion of heal wounds {unknown}

Dungeon Overview and Level Annotations

Branches:
Dungeon (2/15)

Altars:

Annotations:
D:2 Jessica


Message History

Pain shoots through your body! The quokka barely misses you.
You closely miss the quokka. Jessica gestures at you while chanting.
Pain shoots through your body!
The quokka bites you but does no damage.
Jessica mumbles some strange words.
Jessica blinks!
You hit the quokka.
The quokka is severely wounded.
You block the quokka's attack.
The quokka twitches its whiskers.
The quokka bites you but does no damage.
You closely miss the quokka.
The quokka is severely wounded.
The quokka closely misses you. Jessica casts a spell at you.
Pain shoots through your body!
You closely miss the quokka.
The quokka is severely wounded.
The quokka barely misses you. You block the quokka's attack.
Jessica looks very angry.
Jessica mumbles some strange words.
Jessica blinks!
You hit the quokka.
You kill the quokka!
Jessica gestures at you while chanting. You resist with some effort.
Jessica hits you with a +6 club! Jessica hits you but does no damage.
You hit Jessica.
Jessica is severely wounded.
Jessica shouts, "You're disturbing me!
I'll have to kill you!"
Jessica gestures wildly while chanting.
Jessica blinks!
Jessica barely misses you.
You barely miss Jessica.
Jessica is severely wounded.
You block Jessica's attack. Jessica completely misses you.
You closely miss Jessica.
Jessica is severely wounded.
Jessica hits you with a +6 club.
You die...

#. #..# #..# ##
#..# ##
..##..#####
...# ....#...
#....##.##.#
#......@@ยค.#
...###.##.###.#
#.##<....#
#.######## #.#
#.. ###


You could see Jessica (fast).

Vanquished Creatures
  A dart slug (D:1)
  2 bats (D:1)
  2 endoplasms (D:1)
  2 hobgoblins (D:1)
  3 jackals (D:1)
  2 kobolds (D:1)
  5 quokkas
  A frilled lizard (D:1)
  2 goblins (D:1)
20 creatures vanquished.

Notes
Turn   | Place    | Note
-------+----------+-------------------------------------------
     0 | D:1      | qw the Gargoyle Fighter began the quest for the Orb.
     0 | D:1      | Reached XP level 1. HP: 14/14 MP: 1/1
     0 | D:1      | 0 ||| qw: Version: 0.3-a-2-g5ab2908
     0 | D:1      | 0 ||| qw: Game counter: 370
     0 | D:1      | 0 ||| qw: Always use a shield: true
     0 | D:1      | 0 ||| qw: God list: Okawaru
     0 | D:1      | 0 ||| qw: Allow faded altars: false
     0 | D:1      | 0 ||| qw: Do Orc after D:15 true
     0 | D:1      | 0 ||| qw: Do second Lair branch before Depths: true
     0 | D:1      | 0 ||| qw: Lair rune preference: random
     0 | D:1      | 0 ||| qw: Plans: Normal, Zot:1-4, Slime:5, God:TSO, Crypt,
                  | Tomb, Abyss, Pan, Hells, Win
     0 | D:1      | 0 ||| PLANNING D:1-11
   316 | D:1      | Reached XP level 2. HP: 17/19 MP: 2/2
   944 | D:1      | 944 ||| Stepping ~*~*~tactically~*~*~ (water).
   947 | D:1      | Reached skill level 3 in Axes
   948 | D:1      | 948 ||| Stepping ~*~*~tactically~*~*~ (stealth).
   959 | D:1      | 959 ||| Stepping ~*~*~tactically~*~*~ (stealth).
   963 | D:1      | Reached XP level 3. HP: 23/23 MP: 3/3
  1044 | D:1      | 1044 ||| UPGRADING to +0 cloak.
  1049 | D:1      | 1049 ||| UPGRADING to +0 pair of gloves.
  1054 | D:1      | 1054 ||| READING scroll labelled YLEIKHLOJOYH.
  1066 | D:2      | Noticed Jessica
  1079 | D:2      | HP: 3/23 [Jessica/+6 club (8)]
  1082 | D:2      | Slain by Jessica

Levels and vault maps discovered:
D:1:      dpeg_arrival_radiant, layout_loops_corners, serial_bayou,
          serial_bayou_lake_a, serial_bayou_pond_e, serial_bayou_shore_b,
          serial_bayou_pond_d, chequers_jeans, supply_closet_lemuel
D:2:      layout_loops_ring, kennysheep_generic_room_5, uniq_terence,
          uniq_jessica, uniq_sigmund

Skill      XL: |  1  2 |
---------------+-------+-----
Axes           | 2 3 |  3.1
Fighting       | |  3.2
Armour         | |  3.2
Shields        | |  3.2

Action                     || total
---------------------------++-------
  Melee: War axe           ||    71
  Throw: Boomerang         ||     3
    Use: Scroll            ||     1
 Armour: Scale mail        ||    23
  Dodge: Dodged            ||    39
  Block: Buckler           ||    13

Table legend:
 A = Non-vault XP
 B = Vault XP
 C = Vault XP percentage of total XP
 D = Non-vault monster count
 E = Vault monster count
 F = Vault count percentage of total count
                 A         B        C        D         E       F
            +---------+---------+-------+---------+---------+-------
      Total |      39 |       0 |   0.0 |      20 |       0 |   0.0
            +---------+---------+-------+---------+---------+-------
        D:1 |      37 |       0 |   0.0 |      19 |       0 |   0.0
        D:2 |       2 |       0 |   0.0 |       1 |       0 |   0.0
            +---------+---------+-------+---------+---------+-------
